 Dungeon Sprint DCSS version 0.26-a0-649-gf8c6c3aab7 (webtiles) character file.

Game seed: 9061521573391325511

65 sahdkjhfkaj the Covert (level 3, -3/16 HPs)
             Began as a Spriggan Enchanter on Sept 26, 2020.
             Slain by a water elemental (19 damage)
             ... in the Dungeon (Sprint III: "The Ten Rune Challenge").
             The game lasted 00:00:59 (234 turns).

sahdkjhfkaj the Covert (Spriggan Enchanter)          Turns: 234, Time: 00:00:59

Health: -3/16      AC:  2    Str:  4    XL:     3   Next: 92%
Magic:  5/8        EV: 18    Int: 16    God:
Gold:   25         SH:  0    Dex: 17    Spells: 1/7 levels left

rFire    . . .     SeeInvis +   a - +1 dagger
rCold    . . .     Faith    .   (shield restricted)
rNeg     . . .     Spirit   .   b - +0 robe
rPois    .         Reflect  .   (helmet restricted)
rElec    .         Harm     .   (no cloak)
rCorr    .         Rampage  .   (gloves unavailable)
MR       .....     NoTele   +   (boots unavailable)
Stlth    +++++.....             (no amulet)
HPRegen  0.05/turn              (no ring)
MPRegen  0.11/turn              (no ring)

@: confusing touch, very quick
A: very small, unfitting armour, see invisible, speed 3
a: no special abilities


You were in the Dungeon.
You visited 1 branch You collected 25 gold pieces.

Inventory:

Hand Weapons
 a - a +1 dagger (weapon)
Armour
 b - a +0 robe (worn)
Scrolls
 h - a scroll of torment {unknown}
 i - a scroll of blinking
 j - a scroll of amnesia {unknown}
 k - a scroll of fog {unknown}
 m - a scroll of holy word {unknown}
 n - 2 scrolls of remove curse {unknown}
Potions
 c - a potion of might {unknown}
 d - a potion of curing
 e - a potion of heal wounds
 f - a potion of haste
 g - 2 potions of magic
 l - 3 potions of flight
 o - 5 potions of mutation


   Skills:
 - Level 1.1 Short Blades
 - Level 3.0 Dodging
 + Level 12.3 Stealth
 - Level 2.6 Spellcasting
 - Level 3.6 Hexes


You had one spell level left.
You knew the following spells:

 Your Spells              Type           Power        Failure   Level
a - Corona                Hex            ##.....      4%          1
b - Ensorcelled Hibernat  Hex/Ice        #.....       14%         2
c - Confusing Touch       Hex            ##......     13%         3

Your spell library contained the following spells:

 Spells                   Type           Power        Failure   Level
 Tukima's Dance           Hex            ##......     13%         3
 Dazzling Flash           Conj/Hex       #.....       28%         3


Dungeon Overview and Level Annotations

Branches:
Dungeon (1/1)

Altars:


Innate Abilities, Weirdness & Mutations

You are very small and have problems with some larger weapons.
You are too small for most types of armour.
You have supernaturally acute eyesight. (SInv)
You cover ground extremely quickly.


Message History

There is an open door here.
You enter the shallow water.
Moving in this stuff is going to be slow.
Why would you want to do that? Why would you want to do that?
Why would you want to do that? Why would you want to do that?
You open the door.
A water elemental comes into view.
The water elemental moves out of view.
You close the door.
Casting: Ensorcelled Hibernation (safe; 14% risk of failure)
Confirm with . or Enter, or press ? or * to list all spells.
The spell is potentially lethal to cast (13% risk of failure)!
Continue anyway?
Your hands begin to glow red.
You open the door.
You hit the water elemental but do no damage.
The water elemental hits you!!
Ouch! That really hurt!
You die...

▓▓▓▓▓▓▓▓▓▓ ▓▓▓
<.#..'...♣♣♣♣ ♣.#
..#..#....♣.♣ ♣♣.#
#†####....♣.♣ ♣..#
.....#....≈♣♣♣♣♣.###+#+#
.....#...≈≈♣.♣♣♣.#......
.....#..≈≈≈≈♣♣.♣.E.⌠....
####'#..≈≈≈≈≈≈♣♣@#
...).#.≈≈≈≈≈≈....#
...†.#.≈≈≈≈≈.....#
.....#.≈≈≈.......#
'#####...........#
.................#
▓▓▓▓▓▓▓▓▓▓▓▓▓▓▓▓▓▓


You could see a water elemental.

Vanquished Creatures
  Jessica (D)
  A human (D)
  A wolf (D)
  An ooze (D)
  2 rats (D)
6 creatures vanquished.

Vanquished Creatures (others)
  4 plants (D)
4 creatures vanquished.

Grand Total: 10 creatures vanquished

Notes
Turn   | Place    | Note
-------+----------+-------------------------------------------
     0 | D        | sahdkjhfkaj the Spriggan Enchanter began the quest for the
                  | Orb.
     0 | D        | Reached XP level 1. HP: 9/9 MP: 5/5
    11 | D        | Reached skill level 5 in Stealth
    67 | D        | Reached skill level 7 in Stealth
    71 | D        | Noticed Jessica
    76 | D        | Killed Jessica
    76 | D        | Reached skill level 10 in Stealth
    76 | D        | Reached XP level 2. HP: 13/13 MP: 6/6
    76 | D        | Reached XP level 3. HP: 16/16 MP: 8/8
   118 | D        | Learned a level 2 spell: Ensorcelled Hibernation
   133 | D        | Reached skill level 11 in Stealth
   146 | D        | Reached skill level 12 in Stealth
   169 | D        | Learned a level 3 spell: Confusing Touch
   230 | D        | Noticed a water elemental
   234 | D        | Slain by a water elemental

Illustrated notes

Levels and vault maps discovered:
D:        dungeon_sprint_mu [sprint_mu_entry_forest, sprint_mu_temple_rooms,
          sprint_mu_d1_horrors, sprint_mu_d2_genie, sprint_mu_d3_branching,
          sprint_mu_orc_legion, sprint_mu_elf_gauntlet, sprint_mu_hive_nellie,
          sprint_mu_lair_fedhas, sprint_mu_vaults_butterflies,
          sprint_mu_slime_circle, sprint_mu_swamp_cave, sprint_mu_snake_twists,
          sprint_mu_blade_basic, sprint_mu_crypt_fortress,
          sprint_mu_tomb_spiral, sprint_mu_vestibule_basic,
          sprint_mu_gehenna_hellfire, sprint_mu_dis_giant,
          sprint_mu_tartarus_statrot, sprint_mu_cocytus_islands, sprint_mu_zot1]

Skill      XL: |  1  2  3 |
---------------+----------+-----
Stealth        | 10 12 | 12.3
Short Blades   | |  1.1
Dodging        | |  3.0
Spellcasting   | |  2.6
Hexes          | |  3.6

Action                   || total
-------------------------++-------
Melee: Dagger            ||    11
 Cast: Confusing Touch   ||     1
       Ensorcelled Hiber ||     1
  Use: Potion            ||     1
 Stab: Sleeping          ||     3
Armor: Robe              ||     2
Dodge: Dodged            ||     7

Table legend: (Time is in decaauts)
 A = Elapsed time spent in this place.
 B = Non-inter-level travel time spent in this place.
 C = Inter-level travel time spent in this place.
 D = Time resting spent in this place.
 E = Time spent auto-exploring this place.
 F = Levels seen in this place.
 G = Mean time per level.
                   A        B        C        D        E       F      G
               +--------+--------+--------+--------+--------+-----+--------+
         Total |    210 |    210 |      0 |    124 |      0 |   1 |  210.0 |
       Dungeon |    210 |    210 |      0 |    124 |      0 |   1 |  210.0 |
               +--------+--------+--------+--------+--------+-----+--------+

Top non-repeatable levels by time:
       D: 210 daAuts
